 Dungeon Crawl Stone Soup version 0.29-a0-311-gcbd9eb2193 (webtiles) character file.

Game seed: 8499577161006892506

469 Inarius the Sneak (level 6, -1/29 HPs)
             Began as a Felid Chaos Knight on Mar 27, 2022.
             Was a Plaything of Xom.
             Slain by a hound (4 damage)
             ... on level 4 of the Dungeon on Mar 28, 2022.
             The game lasted 00:07:51 (4977 turns).

Inarius the Sneak (Felid Chaos Knight)              Turns: 4977, Time: 00:07:52

Health: -1/29      AC:  2    Str:  6      XL:     6   Next: 82%
Magic:  7/7        EV: 20    Int: 13      God:    Xom [*.....]
Gold:   180        SH:  0    Dex: 17 (18) Spells: 5/5 levels left
                                        Lives:  0   Deaths: 1

rFire   . . .      SeeInvis +     - Unarmed
rCold   . . .      Faith    .   (shield unavailable)
rNeg    . . .      Spirit   .   (body armour unavailable)
rPois   .          Reflect  .   (helmet unavailable)
rElec   .          Harm     .   (cloak unavailable)
rCorr   .          Rampage  .   (gloves unavailable)
Will    .....                   (boots unavailable)
Stlth   +++.......              (no amulet)
HPRegen 0.09/turn               (no ring)
MPRegen 0.10/turn               (no ring)

@: quick
A: very small, claws 1, fangs 3, see invisible, speed 1, shaggy fur 2, stealthy
paws, no weapons or thrown items, no armour, multi-lived, screaming 2, weak 1,
evolution 1
a: Renounce Religion


You were on level 4 of the Dungeon.
You worshipped Xom.
You were a special plaything of Xom.
You visited 1 branch of the dungeon, and saw 5 of its levels.

You collected 180 gold pieces.

Inventory:

Wands
 s - a wand of digging (5)
Scrolls
 b - a scroll of blinking {unknown}
 c - a scroll of noise {unknown}
 d - 2 scrolls of silence {unknown}
 e - 4 scrolls of vulnerability
 m - 3 scrolls of fog {unknown}
 n - a scroll of magic mapping {unknown}
 o - a scroll of teleportation {unknown}
 p - a scroll of enchant weapon {unknown}
 q - 2 scrolls of brand weapon {unknown}
Potions
 f - a potion of mutation
 g - 4 potions of curing
 h - a potion of flight {unknown}
 i - a potion of attraction
 j - a potion of brilliance
 k - a potion of heal wounds {unknown}
 l - a potion of lignification {unknown}
 r - a potion of degeneration {unknown}
 t - a potion of resistance {unknown}
Miscellaneous
 a - a piece from Xom's chessboard (4/15) (quivered)


   Skills:
 + Level 4.5 Fighting
 + Level 5.8 Dodging
 + Level 6.4 Stealth
 + Level 5.8 Unarmed Combat
 + Level 3.8 Evocations


You had 5 spell levels left.
You didn't know any spells.
Your spell library contained the following spells:

 Spells                   Type           Power      Damage    Failure   Level
 Ensorcelled Hibernation  Hex/Ice        0%         N/A       43%         2
 Static Discharge         Conj/Air       0%         N/A       43%         2
 Spider Form              Tmut/Pois      0%         N/A       67%         3
 Anguish                  Hex/Necr       0%         N/A       97%         4
 Dispel Undead            Necr           0%         3d6       97%         4
 Sticky Flame             Conj/Fire      0%         2d3       97%         4


Dungeon Overview and Level Annotations

Branches:
Dungeon (5/15)
 Temple: D:4-7

Altars:
Ru
Uskayaw
Xom
Yredelemnul

Shops:
D:3 (

Annotations:
D:3 3 runed translucent doors, kae's ghost, amateur TeAE
D:4 Grinder


Innate Abilities, Weirdness & Mutations

You have sharp claws.
You have razor-sharp teeth.
You have supernaturally acute eyesight. (SInv)
You cover ground quickly. (Speed+)
You are covered in thick fur. (AC +2)
Your paws help you pounce on unaware monsters.
You are incapable of wielding weapons or throwing items.
You cannot wear armour.
You gain extra lives every three experience levels.
You frequently scream uncontrollably at your foes.
You are weak. (Str -2)
You have hidden genetic potential.


Message History

You destroy the phantom!
The hound bites you but does no damage. The hound closely misses you.
Your piece from Xom's chessboard (5/15) has regained one charge.
The hound attacks as you move away! The hound bites you.
You scratch the hound. Your bite misses the hound.
The hound is heavily wounded.
The hound bites you.
* * * LOW HITPOINT WARNING * * *
The hound closely misses you.
You closely miss the hound.
The hound is heavily wounded.
The hound barely misses you.
You scratch the hound but do no damage.
The hound is heavily wounded.
The hound misses you.
You barely miss the hound.
The hound is heavily wounded.
The hound barely misses you. The hound closely misses you.
You miss the hound.
The hound is moderately wounded.
The hound misses you.
Found an escape hatch in the ceiling.
The hound misses you. The hound attacks as you move away!
The hound closely misses you. The hound attacks as you move away!
The hound completely misses you.
There is an escape hatch in the ceiling here.
The hound completely misses you. The hound barely misses you.
A mysterious force pulls you upwards. The hatch slams shut behind you.
Level annotation: Grinder The hound attacks as you move away!
The hound closely misses you. The hound attacks as you move away!
The hound completely misses you. The hound barely misses you.
The hound attacks as you move away! The hound barely misses you.
The hound attacks as you move away! The hound bites you.
* * * LOW HITPOINT WARNING * * *
You make a move on Xom's chessboard...
The hound twists and deforms.
The hound bites you.
* * * LOW HITPOINT WARNING * * *
The hound bites you.
You die...

#....._..............>#....
###..[##....)..#...........
####..##......#...........
##...(.........##..........
#####...).....##...#.......:..≈
#...#.).).#...................≈
#....#≈)).#...#.#.......###....
#.....≈[.....h##...#...## ##...
###...≈≈......@...##....# #...
####....≈≈..#.##..###..#.####...
#.###...≈.###.#.................
##...##..≈.# #.................#.
.........≈≈###...................
#........≈≈..#...................
#...(.....≈≈.#...................
####...#..≈≈≈#...................
#...##...≈....................≈


You could see a hound (misshapen).

Vanquished Creatures
  An ogre (D:3)
  A phantom (D:5)
  A jelly (D:3)
  Crazy Yiuf (D:2)
  2 iguanas (D:4)
  An orc wizard (D:4)
  A gnoll (D:4)
  3 adders
  2 worms
  3 dart slugs
  4 orcs (D:4)
  3 ball pythons
  9 endoplasms
  5 giant cockroaches
  6 goblins
  10 hobgoblins
  8 kobolds
  3 quokkas
  3 bats
  4 frilled lizards
  4 rats
75 creatures vanquished.

Vanquished Creatures (collateral kills)
  A gnoll shaman (D:4)
  4 gnolls (D:4)
  An adder (D:4)
6 creatures vanquished.

Grand Total: 81 creatures vanquished

Notes
Turn   | Place    | Note
-------+----------+-------------------------------------------
     0 | D:1      | Inarius the Felid Chaos Knight began the quest for the Orb.
     0 | D:1      | Reached XP level 1. HP: 10/10 MP: 2/2
   146 | D:1      | XOM: silly message
   157 | D:1      | XOM: potion effect (experience)
   157 | D:1      | Reached skill level 5 in Dodging
   157 | D:1      | Reached skill level 4 in Stealth
   157 | D:1      | Reached XP level 2. HP: 9/15 MP: 3/3
   210 | D:1      | XOM: divination: magic mapping
   303 | D:1      | Noticed a great orb of eyes
   304 | D:1      | Found a faded altar of an unknown god.
   322 | D:1      | Noticed an eye of devastation
   323 | D:1      | Noticed a floating eye
   323 | D:1      | Noticed a floating eye
   403 | D:1      | Reached XP level 3. HP: 6/18 MP: 4/4
   699 | D:1      | XOM: god gift: fuming pink potion {god gift}
  1150 | D:2      | XOM is BORED!
  1150 | D:2      | XOM: 3-stop teleportation journey
  1212 | D:2      | XOM: god gift: 9 gold pieces
  1283 | D:2      | Found a basalt altar of Yredelemnul.
  1486 | D:2      | Reached XP level 4. HP: 22/22 MP: 5/5
  1924 | D:2      | Found a runed translucent door.
  1925 | D:2      | Noticed Crazy Yiuf
  1945 | D:2      | Slain by Crazy Yiuf
  1946 | D:2      | Reached XP level 3. HP: -1/18 MP: 4/4
  1994 | D:2      | Killed Crazy Yiuf
  2035 | D:3      | Reached XP level 4. HP: 22/22 MP: 5/5
  2170 | D:3      | Found Jeoreigri's Antique Weapon Emporium.
  2240 | D:3      | Found a sacrificial altar of Ru.
  2288 | D:3      | Found a hide-covered altar of Uskayaw.
  2354 | D:3      | Noticed kae's ghost (amateur TeAE)
  2363 | D:3      | Found a runed translucent gate.
  2363 | D:3      | Found a runed translucent gate.
  2365 | D:3      | Found a runed translucent gate.
  2587 | D:4      | Noticed an ogre
  2619 | D:2      | HP: 1/22 [hobgoblin (4)]
  3013 | D:3      | XOM: enchant monster (bad)
  3016 | D:3      | Reached skill level 5 in Stealth
  3212 | D:3      | XOM: silly message
  3275 | D:3      | XOM: noise
  3281 | D:3      | Killed an ogre
  3282 | D:3      | Reached skill level 5 in Unarmed Combat
  3282 | D:3      | Reached XP level 5. HP: 12/25 MP: 6/6
  3313 | D:3      | XOM: cloud trail
  3483 | D:4      | XOM: summons 5 friendly demons
  3492 | D:4      | Gained mutation: You are covered in thick fur. (AC +2)
                  | [Felid growth]
  3492 | D:4      | Reached XP level 6. HP: 29/29 MP: 7/7
  3571 | D:4      | XOM: scenery: create altars
  3611 | D:4      | Reached skill level 6 in Stealth
  3862 | D:4      | Upgraded the game from 0.29-a0-307-gecccbbdb84 to
                  | 0.29-a0-311-gcbd9eb2193
  3876 | D:4      | XOM: god gift: worn glass wand {god gift}
  3894 | D:4      | XOM: god gift: leather armour {god gift}
  3948 | D:4      | Noticed Grinder
  3953 | D:4      | Noticed Grinder
  3953 | D:4      | Grinder changed into Grinder the chaos spawn
  3953 | D:4      | XOM: polymorph Grinder -> Grinder the chaos spawn
  3958 | D:4      | XOM: destruction
  3959 | D:4      | XOM: divination: magic mapping
  3964 | D:4      | HP: 1/29 [Grinder the chaos spawn (14)]
  4207 | D:3      | XOM: silly message
  4269 | D:3      | XOM: give mutations
  4269 | D:3      | Gained mutation: You occasionally shout uncontrollably at
                  | your foes. [Xom's mischief]
  4269 | D:3      | Gained mutation: You have hidden genetic potential. [Xom's
                  | mischief]
  4269 | D:3      | Gained mutation: You frequently scream uncontrollably at
                  | your foes. [Xom's mischief]
  4269 | D:3      | Gained mutation: You are weak. (Str -2) [Xom's mischief]
  4270 | D:3      | XOM: summons 4 hostile shadow creatures
  4544 | D:4      | XOM: swap monsters
  4546 | D:4      | XOM: butterfly on damage
  4557 | D:4      | XOM: stat loss: -1 Dex (17/18)
  4834 | D:4      | XOM: silly message
  4845 | D:5      | Entered Level 5 of the Dungeon
  4977 | D:4      | Slain by a hound

Illustrated notes

Levels and vault maps discovered:
D:1:      lightli_arrival_statuegarden, layout_rooms,
          hellmonk_ecumenical_altar_watching_god
D:2:      layout_basic, basic_altar, uniq_crazy_yiuf_cottage
D:3:      layout_rooms, mainiacjoe_overflow_small_starburst,
          nicolae_overflow_hidden_temple, gammafunk_ghost_split, serial_shops,
          nicolae_shop_statue_plus
D:4:      layout_cave_pools, serial_rivers, chequers_serial_rivers_large_a,
          chequers_serial_rivers_small_a, chequers_serial_rivers_room_b,
          chequers_serial_rivers_small_a, serial_bayou_pond_d,
          sigmund_edmund_badplayer, uniq_grinder
D:5:      layout_loops_cross, uniq_ijyb

Skill      XL: |  1  2  3  4  5  6 |
---------------+-------------------+-----
Fighting       | 4 |  4.5
Dodging        | 5 |  5.8
Stealth        | 4 5 6 |  6.4
Unarmed Combat | 4 5 |  5.8
Evocations     | 3 |  3.8

Action                   |  1- 3 |  4- 6 || total
-------------------------+-------+-------++-------
Melee: Unarmed           |    89 |   127 ||   216
       Bite              |     8 |    13 ||    21
       Punch             |     2 |     3 ||     5
Evoke: Piece from Xom's  |     5 |    22 ||    27
  Use: Scroll            |       |     5 ||     5
 Stab: Sleeping          |    11 |     8 ||    19
       Confused          |       |     1 ||     1
       Distracted        |       |     1 ||     1
Armor: Skin              |     5 |     6 ||    11
Dodge: Dodged            |    41 |   107 ||   148

Table legend: (Time is in decaauts)
 A = Elapsed time spent in this place.
 B = Non-inter-level travel time spent in this place.
 C = Inter-level travel time spent in this place.
 D = Time resting spent in this place.
 E = Time spent auto-exploring this place.
 F = Levels seen in this place.
 G = Mean time per level.
                   A        B        C        D        E       F      G
               +--------+--------+--------+--------+--------+-----+--------+
         Total |   4465 |   4247 |    218 |   1837 |   1532 |   5 |  893.0 |
       Dungeon |   4465 |   4247 |    218 |   1837 |   1532 |   5 |  893.0 |
               +--------+--------+--------+--------+--------+-----+--------+

Top non-repeatable levels by time:
     D:3: 1487 daAuts
     D:2: 1335 daAuts
     D:1: 821 daAuts
     D:4: 718 daAuts
     D:5: 102 daAuts
